 Dungeon Crawl Stone Soup version 0.29-a0-459-g97dee8cd24 (webtiles) character file.

Game seed: 16979753221603426608

6573 hquester the Covert (level 10, -1/53 HPs)
             Began as a Spriggan Hunter on May 20, 2022.
             Killed from afar by an efreet (19 damage)
             ... with a fireball
             ... on level 10 of the Dungeon.
             The game lasted 00:59:08 (8801 turns).

hquester the Covert (Spriggan Hunter)               Turns: 8801, Time: 00:59:08

Health: -1/53      AC:  6    Str:  9    XL:     10   Next: 70%
Magic:  11/11      EV: 22    Int: 20    God:
Gold:   660        SH:  0    Dex: 16    Spells: 9/9 levels left

rFire   . . .      SeeInvis +   A - +11 hand crossbow "Eblavopn" {vorpal, Int+9 Dex-5 SInv}
rCold   . . .      Faith    .   (no shield)
rNeg    . . .      Spirit   .   x - +1 troll leather armour
rPois   .          Reflect  .   (helmet restricted)
rElec   .          Harm     .   y - +0 cloak
rCorr   .          Rampage  .   (gloves unavailable)
Will    +....                   (boots unavailable)
Stlth   +++.......              (no amulet)
HPRegen 0.97/turn               s - ring of wizardry
MPRegen 0.12/turn               (no ring)

@: slow
A: very small, no large weapons, unfitting armour, see invisible, speed 3
a: no special abilities


You were on level 10 of the Dungeon.
You visited 1 branch of the dungeon, and saw 11 of its levels.

You collected 660 gold pieces.

Inventory:

Hand Weapons
 a - a +3 shortbow of venom
 e - a +4 dagger
 A - the +11 hand crossbow "Eblavopn" (weapon) {vorpal, Int+9 Dex-5 SInv}
   (You found it on level 10 of the Dungeon)

   Any ammunition fired from it inflicts extra damage upon your enemies.
   Int:       It affects your intelligence (+9).
   Dex:       It affects your dexterity (-5).
   SInv:      It lets you see invisible.
Missiles
 u - 2 throwing nets
Armour
 q - a scarf of shadows
 x - a +1 troll leather armour (worn)
 y - a +0 cloak (worn)
Jewellery
 s - a ring of wizardry (left hand)
Wands
 d - a wand of flame (1)
 m - a wand of polymorph (2)
Scrolls
 c - 2 scrolls of immolation
 g - 5 scrolls of teleportation
 i - 2 scrolls of poison {unknown}
 p - 3 scrolls of fear
 t - a scroll of identify
 v - a scroll of magic mapping
 w - 2 scrolls of amnesia {unknown}
 z - 3 scrolls of torment {unknown}
 B - a scroll of blinking {unknown}
Potions
 b - a potion of invisibility {unknown}
 f - 2 potions of might
 h - a potion of berserk rage {unknown}
 j - 5 potions of lignification
 k - a potion of attraction
 l - a potion of degeneration {unknown}
 n - 2 potions of flight {unknown}
 o - 3 potions of curing
 r - a potion of cancellation {unknown}
 C - a potion of haste {unknown}


   Skills:
 + Level 6.6 Fighting
 + Level 4.9 Short Blades
 + Level 10.4 Bows
 + Level 1.3 Crossbows
 + Level 1.6 Armour
 + Level 10.4 Dodging
 + Level 12.1 Stealth


You had 9 spell levels left.
You didn't know any spells.
Your spell library contained the following spells:

 Spells                   Type           Power      Damage    Failure   Level
 Magic Dart               Conj           0%         1d3       11%         1
 Sandblast                Erth           0%         2d4       11%         1
 Passwall                 Tmut/Erth      0%         N/A       16%         2
 Searing Ray              Conj           0%         2d4       16%         2
 Stone Arrow              Conj/Erth      0%         3d7       30%         3
 Fulminant Prism          Conj/Hex       0%         3d6       67%         4
 Summon Forest            Summ/Tloc      0%         N/A       94%         5
 Eringya's Noxious Bog    Tmut/Pois      0%         N/A       100%        6
 Summon Hydra             Summ           0%         N/A       100%        7


Dungeon Overview and Level Annotations

Branches:
Dungeon (11/15)            Temple (0/1) D:5             Orc (0/2) D:9
   Lair: D:8-11

Altars:
Beogh

Shops:
D:6 :   D:8 *


Innate Abilities, Weirdness & Mutations

You are very small and have problems with some larger weapons.
You are too small for most types of armour.
You have supernaturally acute eyesight. (SInv)
You cover ground extremely quickly. (Speed+++)


Message History

Press: ? - help, Q - select action, (/) - cycle Shift-Dir - straight line, f/p - efreet
Aim: an efreet, wielding a +2 scimitar of flaming (moderately wounded, 85% to hit)
You shoot a bolt. The bolt hits the efreet!
The efreet is severely wounded.
The efreet gestures at you. The bolt of fire misses you.
The efreet gestures at you.
The fireball explodes!
The fireball engulfs you!!
* * * LOW HITPOINT WARNING * * *
There is an open door here.
Okay, then.
As you read the scroll of identify, it crumbles to dust.
f - 2 potions of might Shoot: A) +11 hand crossbow "Eblavopn" {vorpal, Int+9 Dex-5 SInv}
Press: ? - help, Q - select action, (/) - cycle Shift-Dir - straight line, f/p - efreet
Aim: an efreet, wielding a +2 scimitar of flaming (heavily wounded, wandering, hasn't noticed you, 85% to hit)
You shoot a bolt.
The bolt hits the efreet but does no damage.
The efreet is heavily wounded.
The efreet gestures at you. The bolt of fire misses you.
Shoot: A) +11 hand crossbow "Eblavopn" {vorpal, Int+9 Dex-5 SInv}
Press: ? - help, Q - select action, (/) - cycle Shift-Dir - straight line, f/p - efreet
Aim: an efreet, wielding a +2 scimitar of flaming (heavily wounded, 85% to hit)
You shoot a bolt. The bolt hits the efreet.
The efreet is heavily wounded.
The efreet gestures at you.
The fireball explodes!
The fireball engulfs you!!
* * * LOW HITPOINT WARNING * * *
You enter the shallow water.
Moving in this stuff is going to be slow.
Shoot: A) +11 hand crossbow "Eblavopn" {vorpal, Int+9 Dex-5 SInv}
Press: ? - help, Q - select action, (/) - cycle Shift-Dir - straight line, f/p - efreet
Aim: an efreet, wielding a +2 scimitar of flaming (heavily wounded, 85% to hit)
You shoot a bolt.
The bolt hits the efreet but does no damage.
The efreet is heavily wounded.
The efreet gestures at you.
The fireball explodes!
The fireball engulfs you!!
You die...

#...######☼.##...
#....#.°.°...#...
+....#○......#...
######.≈≈≈R.......#...
#....#.≈≈≈≈####+###...
+....#≈≈≈≈≈.....#.....
#....#≈≈≈≈≈.....#.....
#########+######≈≈≈≈≈......#.....
..#........#....@≈≈≈≈......#.....
..#........#....≈≈≈≈.########....
..#........#...≈≈≈≈≈........#....
..#........#...≈≈≈≈≈........#....
..'........#...≈≈≈≈.........#....
..#...#....#...≈≈≈≈...#####.#####
..#...#....#...≈≈≈≈...#...#
..#...#........≈≈≈≈≈..#...#
..#...#........≈≈≈≈≈..#...#


You could see an efreet.

Vanquished Creatures
  A two-headed ogre (D:8)
  Maurice (D:9)
  3 trolls
  3 yaks (D:9)
  A wyvern (D:9)
  A vampire (D:10)
  3 steam dragons
  Grum (D:8)
  3 orc warriors
  2 sky beasts
  3 black bears
  2 ogres
  4 wolves (D:8)
  3 centaurs
  A phantom (D:5)
  A kobold brigand (D:8)
  4 bullfrogs
  A gnoll sergeant (D:7)
  7 scorpions
  3 wights (D:6)
  10 killer bees
  2 howler monkeys (D:8)
  5 hounds
  2 jellies
  3 orc priests
  2 iguanas
  4 orc wizards
  4 gnolls (D:7)
  12 adders
  A shadow imp (D:6)
  3 white imps
  An ufetubus (D:5)
  4 dart slugs
  40 orcs
  2 bats
  7 endoplasms
  3 giant cockroaches
  4 goblins
  4 hobgoblins
  3 jackals (D:3)
  13 kobolds
  2 quokkas
  7 ball pythons
  3 frilled lizards
  4 rats
193 creatures vanquished.

Notes
Turn   | Place    | Note
-------+----------+-------------------------------------------
     0 | D:1      | hquester the Spriggan Hunter began the quest for the Orb.
     0 | D:1      | Reached XP level 1. HP: 10/10 MP: 2/2
    55 | D:1      | Reached skill level 2 in Stealth
   104 | D:1      | Reached skill level 5 in Bows
   104 | D:1      | Reached XP level 2. HP: 15/15 MP: 3/3
   224 | D:1      | Found a faded altar of an unknown god.
   728 | D:2      | Reached XP level 3. HP: 18/18 MP: 4/4
   853 | D:2      | Noticed an ogre
   885 | D:2      | Killed an ogre
   886 | D:2      | Reached skill level 3 in Stealth
   886 | D:2      | Reached XP level 4. HP: 23/23 MP: 5/5
  1045 | D:2      | Reached skill level 4 in Stealth
  1252 | D:2      | Reached XP level 5. HP: 27/27 MP: 6/6
  2292 | D:4      | Reached XP level 6. HP: 32/32 MP: 7/7
  2293 | D:4      | Reached skill level 5 in Stealth
  2384 | D:4      | Reached skill level 5 in Dodging
  2607 | D:5      | Entered Level 5 of the Dungeon
  2669 | D:5      | Reached skill level 6 in Stealth
  2669 | D:5      | Reached XP level 7. HP: 36/36 MP: 8/8
  3123 | D:5      | Reached skill level 7 in Stealth
  3138 | D:5      | Found a staircase to the Ecumenical Temple.
  3417 | D:6      | Reached XP level 8. HP: 42/42 MP: 9/9
  3618 | D:6      | Reached skill level 8 in Stealth
  3904 | D:6      | Found Ilokh's Self-Improvement Boutique.
  4146 | D:7      | Reached skill level 5 in Fighting
  4146 | D:7      | Reached skill level 9 in Stealth
  4532 | D:7      | Reached XP level 9. HP: 47/47 MP: 10/10
  5458 | D:8      | Reached skill level 1 in Short Blades
  5655 | D:8      | Reached skill level 10 in Stealth
  5745 | D:8      | Found Cuikicwu's Gadget Gallery.
  5957 | D:8      | Noticed Grum
  5981 | D:8      | Killed Grum
  6517 | D:8      | Noticed a troll
  6536 | D:8      | Noticed a two-headed ogre
  6572 | D:8      | Killed a two-headed ogre
  6573 | D:8      | Reached skill level 11 in Stealth
  6573 | D:8      | Reached XP level 10. HP: 53/53 MP: 11/11
  6861 | D:9      | Found a staircase to the Orcish Mines.
  7251 | D:9      | Reached skill level 10 in Bows
  7401 | D:9      | Reached skill level 10 in Dodging
  7451 | D:9      | Noticed Maurice
  7470 | D:9      | Killed Maurice
  7774 | D:9      | Reached skill level 1 in Armour
  8101 | D:10     | Entered Level 10 of the Dungeon
  8104 | D:10     | Identified the +11 hand crossbow "Eblavopn" {vorpal, Int+9
                  | Dex-5 SInv}
  8286 | D:11     | Noticed a manticore
  8728 | D:10     | Reached skill level 1 in Crossbows
  8728 | D:10     | Reached skill level 12 in Stealth
  8801 | D:10     | Killed from afar by an efreet

Illustrated notes

Levels and vault maps discovered:
D:1:      scummos_arrival_forest, layout_basic,
          shapermc_ecumenical_altar_pompeii
D:2:      layout_basic
D:3:      layout_rooms, kennysheep_doodads
D:4:      layout_basic, hangedman_decor_peaks_small, item_on_display_a
D:5:      layout_loops_ring, minmay_temple_entry_grid
D:6:      layout_basic, nicolae_shop_self_help
D:7:      layout_loops_ring
D:8:      layout_basic, nicolae_shop_gadgets, uniq_grum
D:9:      layout_basic, orc_david_3, special_room [special_room_orc],
          uniq_maurice
D:10:     wander_river, layout_grid_maze, nzn_hepliaklqana_mist_gate,
          hangedman_corner_corridor
D:11:     layout_roguey, erik_lair_dragon, serial_bayou_pond_e,
          nicolae_ru_awakened_eye, uniq_snorg

Skill      XL: |  1  2  3  4  5  6  7  8  9 10 |
---------------+-------------------------------+-----
Stealth        | 2 3 4 6 7 9 11 12 | 12.1
Bows           | 5 6 7 8 9 10 | 10.4
Dodging        | 3 4 5 6 8 9 10 | 10.4
Fighting       | 2 3 4 5 6 |  6.6
Short Blades   | 3 4 |  4.9
Armour         | 1 |  1.6
Crossbows      | 1 |  1.3

Action                   |  1- 3 |  4- 6 |  7- 9 | 10-12 || total
-------------------------+-------+-------+-------+-------++-------
Melee: Dagger            |       |       |    79 |    35 ||   114
       Punch             |       |       |     1 |     1 ||     2
 Fire: Shortbow          |    42 |   104 |   245 |   135 ||   526
       Hand crossbow     |       |       |       |    20 ||    20
  Use: Scroll            |       |     9 |     5 |     3 ||    17
       Potion            |       |       |     6 |     1 ||     7
 Stab: Sleeping          |       |       |     1 |       ||     1
Armor: Robe              |       |     1 |     7 |       ||     8
       Troll leather arm |       |       |       |     2 ||     2
Dodge: Dodged            |     4 |    19 |   167 |    84 ||   274

Table legend: (Time is in decaauts)
 A = Elapsed time spent in this place.
 B = Non-inter-level travel time spent in this place.
 C = Inter-level travel time spent in this place.
 D = Time resting spent in this place.
 E = Time spent auto-exploring this place.
 F = Levels seen in this place.
 G = Mean time per level.
                   A        B        C        D        E       F      G
               +--------+--------+--------+--------+--------+-----+--------+
         Total |   6343 |   6193 |    150 |    721 |   3624 |  11 |  576.6 |
       Dungeon |   6343 |   6193 |    150 |    721 |   3624 |  11 |  576.6 |
               +--------+--------+--------+--------+--------+-----+--------+

Top non-repeatable levels by time:
     D:7: 1153 daAuts
     D:8: 1064 daAuts
     D:9: 884 daAuts
     D:2: 700 daAuts
     D:5: 497 daAuts
    D:10: 493 daAuts
     D:6: 492 daAuts
     D:3: 416 daAuts
     D:1: 381 daAuts
     D:4: 252 daAuts
    D:11: 7 daAuts
